 Dungeon Crawl Stone Soup version 0.28.0-45-g0d030f2227 (webtiles) character file.

Game seed: 16291564340029572996

178 MisterFreud the Changer (level 5, 0/41 HPs)
             Began as a Draconian Transmuter on Apr 21, 2022.
             Slain by a hound (4 damage)
             ... on level 4 of the Dungeon.
             The game lasted 00:01:55 (2119 turns).

MisterFreud the Changer (Draconian Transmuter)      Turns: 2119, Time: 00:01:55

Health: 0/41       AC:  2    Str: 12    XL:     5   Next: 32%
Magic:  3/8        EV: 19    Int: 16    God:
Gold:   58         SH:  0    Dex: 16    Spells: 2/8 levels left

rFire   . . .      SeeInvis .     - Unarmed
rCold   . . .      Faith    .   (shield currently unavailable)
rNeg    . . .      Spirit   .   (armour unavailable)
rPois   x          Reflect  .   (helmet currently unavailable)
rElec   .          Harm     .   (cloak currently unavailable)
rCorr   .          Rampage  .   (gloves currently unavailable)
Will    .....                   (boots currently unavailable)
Stlth   +.........              (no amulet)
HPRegen 0.13/turn               (no ring)
MPRegen 0.11/turn               (no ring)

@: spider-form
A: venomous fangs, AC +5, tiny, unfitting armour, (cold-blooded)
a: End Transformation


You were on level 4 of the Dungeon.
You were a venomous arachnid creature.
You visited 1 branch of the dungeon, and saw 4 of its levels.

You collected 58 gold pieces.

Inventory:

Jewellery
 h - a ring of wizardry
Scrolls
 b - 2 scrolls of silence
 d - a scroll of amnesia {unknown}
 e - a scroll of vulnerability {unknown}
 f - 2 scrolls of identify {unknown}
 g - a scroll of teleportation {unknown}
 j - a scroll of immolation {unknown}
Potions
 a - 3 potions of curing {unknown}
 c - a potion of haste {unknown}
 i - a potion of lignification {unknown}


   Skills:
 + Level 2.3 Fighting
 - Level 2.0 Dodging
 - Level 3.1 Unarmed Combat
 - Level 2.1 Spellcasting
 - Level 5.0 Transmutations


You had 2 spell levels left.
You knew the following spells:

 Your Spells              Type           Power      Damage    Failure   Level
a - Beastly Appendage     Tmut           34%        N/A       10%         1
b - Wereblood             Tmut           17%        N/A       13%         2
c - Spider Form           Tmut/Pois      9%         N/A       43%         3

Your spell library contained the following spells:

 Spells                   Type           Power      Damage    Failure   Level
 Shock                    Conj/Air       4%         1d3       41%         1
 Swiftness                Air            1%         N/A       73%         3
 Ice Form                 Ice/Tmut       9%         N/A       78%         4
 Airstrike                Air            0%         N/A       97%         4


Dungeon Overview and Level Annotations

Branches:
Dungeon (3/15)

Altars:


Innate Abilities, Weirdness & Mutations

You are a venomous arachnid creature.
You have poisonous fangs.
You are tiny and dextrous.
Your spellcasting is less reliable in this form.
Your armour is entirely melded.
You are incapable of wielding weapons or throwing items.
((Your plain brown scales are hard. (AC +5)))
You cannot fit into any form of body armour.
((You are cold-blooded and may be slowed by cold attacks.))


Message History

You hit the necrophage but do no damage.
The necrophage is almost destroyed.
The necrophage hits you but does no damage.
You barely miss the necrophage.
You claw the necrophage, but do no damage.
The necrophage is almost destroyed.
The necrophage closely misses you.
You hit the necrophage.
You destroy the necrophage!
Your transformation is almost over.
The hound bites you but does no damage. The hound bites you.
* * * LOW HITPOINT WARNING * * *
Your life force feels restored.
Training target 5.0 for Transmutations reached!
Your Transmutations skill increases to level 5!
You need to enable at least one skill for training.
Your Fighting skill increases to level 2!
You have reached level 5!
Casting: Beastly Appendage (safe; 2% risk of failure)
Confirm with . or Enter, or press ? or * to list all spells.
The spell is quite dangerous to miscast (22% risk of failure)!
Continue anyway?
Your horns disappear.
Your talons disappear.
You turn into a venomous arachnid creature.
The hound bites you.
* * * LOW HITPOINT WARNING * * *
You hit the hound but do no damage.
The hound is poisoned.
The hound misses you. The hound closely misses you.
You hit the hound.
The hound looks as sick as possible!
The hound is lightly wounded.
The hound bites you but does no damage.
You closely miss the hound.
The hound is moderately wounded.
The hound bites you.
* * * LOW HITPOINT WARNING * * *
The hound barely misses you.
Unknown command.
You see here a necrophage corpse.
Found 10 gold pieces.
The hound closely misses you. The hound bites you.
You die...

#..#.##......##
#.............# .
##............#.
#.............. ....#
##............# #.....#
.............# ##.....#
##$.........### #.......
#......sh.†...###.......
##.####........#........
.....................
#.......#.............
#.......#.......#.#...
###.............#.....
###.................
..#..............#
#...####.......#


You could see a hound (very poisoned).

Vanquished Creatures
  A necrophage (D:4)
  A howler monkey (D:4)
  A gnoll (D:1)
  A dart slug (D:1)
  4 orcs
  4 ball pythons
  2 endoplasms
  2 giant cockroaches
  4 goblins
  7 hobgoblins
  A quokka (D:1)
  A bat (D:1)
  4 frilled lizards
  2 kobolds (D:1)
  3 rats
38 creatures vanquished.

Notes
Turn   | Place    | Note
-------+----------+-------------------------------------------
     0 | D:1      | MisterFreud the Draconian Transmuter began the quest for
                  | the Orb.
     0 | D:1      | Reached XP level 1. HP: 16/16 MP: 3/3
    45 | D:1      | Reached XP level 2. HP: 6/23 MP: 5/5
   640 | D:1      | Reached XP level 3. HP: 25/28 MP: 4/6
   887 | D:1      | Reached skill level 3 in Transmutations
  1468 | D:2      | Found a faded altar of an unknown god.
  1900 | D:3      | Learned a level 2 spell: Wereblood
  1904 | D:3      | Learned a level 3 spell: Spider Form
  1905 | D:3      | You fall into a shaft and drop 1 floor!
  1948 | D:4      | Reached skill level 4 in Transmutations
  1948 | D:4      | Reached XP level 4. HP: 24/35 MP: 5/7
  2086 | D:4      | Noticed a necrophage
  2111 | D:4      | Killed a necrophage
  2112 | D:4      | Reached skill level 5 in Transmutations
  2112 | D:4      | Reached XP level 5. HP: 10/41 MP: 5/8
  2119 | D:4      | Slain by a hound

Illustrated notes

Levels and vault maps discovered:
D:1:      amcnicky_arrival_double_pillar, layout_basic
D:2:      layout_basic, basic_ecumenical_altar
D:3:      layout_basic, uniq_natasha
D:4:      layout_cave_pools, gammafunk_ghost_arena, nicolae_figureground_pulse

Skill      XL: |  1  2  3  4 |
---------------+-------------+-----
Dodging        | 2 |  2.0
Transmutations | 4 5 |  5.0
Fighting       | 2 |  2.3
Unarmed Combat | |  3.1
Spellcasting   | |  2.1

Action                   |  1- 3 |  4- 6 || total
-------------------------+-------+-------++-------
Melee: Unarmed           |    82 |    23 ||   105
       Kick              |    18 |     1 ||    19
       Headbutt          |     9 |       ||     9
       Tailslap          |     8 |     3 ||    11
       Punch             |     4 |       ||     4
 Cast: Beastly Appendage |    21 |     2 ||    23
       Spider Form       |       |     2 ||     2
  Use: Scroll            |     1 |       ||     1
 Stab: Sleeping          |     1 |       ||     1
Armor: Skin              |    24 |     4 ||    28
Dodge: Dodged            |    42 |    14 ||    56
